Workbook
Name NetWorth: calculations!$C$23
Name PurchasePrice: 'Purchase Price'!$E$27/'Purchase Price'!$G$27
Name TotalAssets: calculations!$C$15
Name TotalAvailabileEquity: tblCash[[#Totals],[VALUE]]+Assets!$J$26
Name TotalAvailabileEquity: Assets!$J$26+tblCash[[#Totals],[VALUE]]
Name TotalLiabilites: calculations!$C$20

Sheet Dashboard
B2: DASHBOARD | G2: NET WORTH SUMMARY
B11: =NetWorth -> 335500 | D11: =TotalAssets -> 947000 | G11: =TotalLiabilites -> 611500 | J11: =PurchasePrice -> 609500
B12: NET WORTH | D12: TOTAL ASSETS | G12: TOTAL LIABILITIES | J12: PURCHASE PRICE
D13: CASH | G13: UNSECURED
D14: INVESTMENTS | G14: SECURED
D15: RETIREMENT
D16: PERSONAL
J17: =TotalAvailabileEquity -> 138000
J18: TOTAL AVAIL EQUITY
D20: STEP 1: VIEW ASSETS >> | G20: STEP 2: VIEW LIABILITIES >> | J20: STEP 3: VIEW PURCHASE PRICE >>

Sheet Assets
B2: ASSETS | I2: NET WORTH SUMMARY
E4: CASH | F4: VALUE | I4: PERSONAL | J4: VALUE | K4: MORTGAGE | L4: LIKELY LVR | M4: EQUITY
E5: CASH ON HAND | F5: 2000 | I5: PRINCIPLE PLACE OF RESIDENCE | J5: 250000 | K5: 170000 | L5: 0.8 | M5: =(+tblPersonal[[#This Row],[VALUE]]*tblPersonal[[#This Row],[LIKELY LVR]])-tblPersonal[[#This Row],[MORTGAGE]] -> 30000
E6: SAVINGS ACCOUNTS 1 | F6: 0 | I6: CAR 1 | J6: 0 | K6: 0
E7: SAVINGS ACCOUNTS 2 | F7: 0 | I7: CAR 2 | J7: 10000 | K7: 0
E8: TERM DEPOSITS | F8: 0 | I8: CAR 3 | J8: 0 | K8: 0
E9: CASH VALE OF LIFE INSURANCE | F9: 0 | I9: HOME CONTENTS
E10: OTHER CASH 1 | F10: 0 | I10: JEWELLERY | J10: 0
E11: OTHER CASH 2 | F11: 0 | I11: OTHER ASSETS 1 | J11: 0
B12: =TotalAssets -> 947000 | E12: OTHER CASH 3 | F12: 0 | I12: OTHER ASSETS 2 | J12: 0
E13: SUBTOTAL | F13: =SUBTOTAL(109,tblCash[VALUE]) -> 2000
B14: TOTAL ASSETS | I14: SUBTOTAL | J14: =SUBTOTAL(109,tblPersonal[VALUE]) -> 260000
E16: INVESTMENTS | F16: VALUE | I16: INVESTMENT PROPERTIES | J16: PROPERTY VALUE | K16: MORTGAGE | L16: LIKELY LVR | M16: EQUITY
E17: SHARES | F17: 15000 | I17: PROPERTY 1 | J17: 250000 | K17: 100000 | L17: 0.8 | M17: =(+tblRetirement[[#This Row],[PROPERTY VALUE]]*tblRetirement[[#This Row],[LIKELY LVR]])-tblRetirement[[#This Row],[MORTGAGE]] -> 100000
B18: =TotalAvailabileEquity -> 138000 | E18: BONDS | F18: 0 | I18: PROPERTY 2 | J18: 120000 | K18: 50000 | L18: 0.8 | M18: =(+tblRetirement[[#This Row],[PROPERTY VALUE]]*tblRetirement[[#This Row],[LIKELY LVR]])-tblRetirement[[#This Row],[MORTGAGE]] -> 46000
E19: MUTUAL FUND INVESTMENTS | F19: 0 | I19: PROPERTY 3 | J19: 300000 | K19: 230000 | L19: 0.8 | M19: =(+tblRetirement[[#This Row],[PROPERTY VALUE]]*tblRetirement[[#This Row],[LIKELY LVR]])-tblRetirement[[#This Row],[MORTGAGE]] -> 10000
B20: TOTAL AWE | E20: PARTNERSHIP INTERESTS | F20: 0 | I20: PROPERTY 4 | J20: 0 | K20: 0 | L20: 0 | M20: =(+tblRetirement[[#This Row],[PROPERTY VALUE]]*tblRetirement[[#This Row],[LIKELY LVR]])-tblRetirement[[#This Row],[MORTGAGE]] -> 0
E21: SUPERANNUATION | F21: 0 | I21: PROPERTY 5 | J21: 0 | K21: 0 | L21: 0 | M21: =(+tblRetirement[[#This Row],[PROPERTY VALUE]]*tblRetirement[[#This Row],[LIKELY LVR]])-tblRetirement[[#This Row],[MORTGAGE]] -> 0
E22: OTHER INVESTMENTS 1 | F22: 0 | I22: PROPERTY 6 | J22: 0 | K22: 0 | L22: 0 | M22: =(+tblRetirement[[#This Row],[PROPERTY VALUE]]*tblRetirement[[#This Row],[LIKELY LVR]])-tblRetirement[[#This Row],[MORTGAGE]] -> 0
B23: VIEW LIABILITIES > | E23: SUBTOTAL | F23: =SUBTOTAL(109,tblInvestments[VALUE]) -> 15000 | I23: SUBTOTAL | J23: =SUBTOTAL(109,tblRetirement[PROPERTY VALUE]) -> 670000 | M23: =SUBTOTAL(109,tblRetirement[EQUITY])+M5 -> 186000
I25: SAFETY BUFFER | J25: 50000
I26: AVAILABLE WORKING EQUITY | J26: =tblRetirement[[#Totals],[EQUITY]]-J25 -> 136000
I29: GO TO VIEW LIABILITIES WHEN COMPLETE >>

Sheet Liabilities
B2: LIABILITIES | I2: NET WORTH SUMMARY
E4: UNSECURED | F4: OWE | I4: SECURED | J4: OWE
E5: CREDIT CARD 1 | F5: 5000 | I5: CAR LOAN 1 | J5: =Assets!K6 -> 0
E6: CREDIT CARD 2 | F6: 25000 | I6: CAR LOAN 2 | J6: =Assets!K7 -> 0
E7: STUDENT DEBT | F7: 17500 | I7: CAR LOAN 3 | J7: =Assets!K8 -> 0
E8: INTEREST FREE REPAYMENTS ie EZI Pay | F8: 0 | I8: PRINCIPLE PLACE OF RESIDENCE | J8: =Assets!K5 -> 170000
E9: CHILD SUPPORT | F9: 0 | I9: INVESTMENT PROPERTY 1 | J9: =Assets!K17 -> 100000
E10: TAX LIABILITY | F10: 8000 | I10: INVESTMENT PROPERTY 2 | J10: =Assets!K18 -> 50000
E11: OTHER UNSECURED 1 | F11: 6000 | I11: INVESTMENT PROPERTY 3 | J11: =Assets!K19 -> 230000
B12: =TotalLiabilites -> 611500 | E12: OTHER UNSECURED 2 | F12: 0 | I12: INVESTMENT PROPERTY 4 | J12: =Assets!K20 -> 0
E13: SUBTOTAL | F13: =SUBTOTAL(109,tblUnsecured[OWE]) -> 61500 | I13: INVESTMENT PROPERTY 5 | J13: =Assets!K21 -> 0
B14: TOTAL LIABILITIES | I14: INVESTMENT PROPERTY 6 | J14: =Assets!K22 -> 0
I15: SUBTOTAL | J15: =SUBTOTAL(109,tblSecured[OWE]) -> 550000
B17: VIEW PURCHASE PRICE >>
J18: GO TO VIEW PURCHASE PRICE WHEN COMPLETE >>

Sheet Purchase Price
B2: PURCHASE PRICE | I2: NET WORTH SUMMARY
E4: TYPE OF INVESTMENT STRATEGY | F4: STRATEGY | G4: TYPE | H4: Column3 | I4: ESTIMATED COSTS | J4: ACTUAL COSTS
E5: EXAMPLES | F5: RENOVATION | G5: Cosmetic | I5: $5K to $30K | J5: 2300
G6: Code Assessbile | I6: $30K to $75K | J6: 3000
G7: Structural | I7: $75K to $200K Plus | J7: 17500
F8: SIMPLE STRATA TITLE | I8: $30K | J8: 0
F9: SIMPLE SUBDIVISION | I9: $50K
F10: SIMPLE COUNCIL APPLICATIONS | I10: $10K | J10: 8000
F11: SIMPLE ENGINEERING APPROVALS | I11: $10K | J11: 6000
B12: =PurchasePrice -> 609500 | F12: DEVELOPMENT CONTRIBUTIONS | I12: Varies | J12: 0
I13: SUB-TOTAL | J13: =SUM(J5:J12) -> 36800
B14: PURCHASE PRICE | I14: CONTINGENCY 10% | J14: =(+J13*10%) -> 3680
I15: TOTAL STRATEGY COST | J15: =SUM(J13:J14) -> 40480
E17: DO YOU HAVE ENOUGH FUNDS TO COMPLETE YOUR STRATEGY? | J17: =(+Assets!B18-tblUnsecured8[[#Totals],[ACTUAL COSTS]]) -> 97520
E22: WHAT IS THE PURCHASE PRICE I CAN AFFORD? | I22: ENTER LIKELY LVR ON PROPERTY PURCHASE | J22: 90 | K22: %
B23: STEP 1 | E23: AVAILABLE WORKING EQUITY (AWE) | F23: STRATEGY COST | H23: NET AWE | I23: EXPECTED PURCHASE INTEREST RATE | J23: 6 | K23: %
E24: =Assets!B18 -> 138000 | F24: =tblUnsecured8[[#Totals],[ACTUAL COSTS]] -> 40480 | H24: =J17 -> 97520
B26: STEP 2 | E26: NET AWE | F26: (EXPECTED INTEREST RATE + REVERSE LVR) | J26: PURCHASE PRICE
E27: =H24 -> 97520 | G27: =((J23/100)+((100-J22)/100)) -> 0.16 | I27: =PurchasePrice -> 609500
J29: <<< GO BACK TO DASHBOARD

Sheet calculations
B2: *** This sheet should remain hidden ***
B11: =tblCash[[#Headers],[CASH]] -> CASH | C11: =SUM(tblCash[VALUE]) -> 2000
B12: =tblInvestments[[#Headers],[INVESTMENTS]] -> INVESTMENTS | C12: =SUM(tblInvestments[VALUE]) -> 15000
B13: =tblRetirement[[#Headers],[INVESTMENT PROPERTIES]] -> INVESTMENT PROPERTIES | C13: =SUM(tblRetirement[PROPERTY VALUE]) -> 670000
B14: =tblPersonal[[#Headers],[PERSONAL]] -> PERSONAL | C14: =SUM(tblPersonal[VALUE]) -> 260000
B15: Total Assets | C15: =SUM(tblCash[VALUE],tblInvestments[VALUE],tblRetirement[PROPERTY VALUE],tblPersonal[VALUE]) -> 947000
B18: =tblUnsecured[[#Headers],[UNSECURED]] -> UNSECURED | C18: =SUM(tblUnsecured[OWE]) -> 61500
B19: =tblSecured[[#Headers],[SECURED]] -> SECURED | C19: =SUM(tblSecured[OWE]) -> 550000
B20: Total Liabilities | C20: =SUM(tblUnsecured[OWE],tblSecured[OWE]) -> 611500
B23: Net Worth | C23: =C15-C20 -> 335500
